 Dungeon Crawl Stone Soup version 0.26.0-18-gc5c842f807 (webtiles) character file.

Game seed: 10658992085837046648

289 thiole the Sneak (level 6, -2/34 (36) HPs)
             Began as an Octopode Hedge Wizard on Jan 24, 2021.
             Killed by nerve-wracking pain
             ... invoked by an orc priest
              (13 damage)
             ... on level 2 of the Dungeon.
             The game lasted 00:08:34 (3144 turns).

thiole the Sneak (Octopode Hedge Wizard)            Turns: 3144, Time: 00:08:34

HP:   -2/34 (36)    AC:  1    Str:  9    XL:     6   Next: 31%
MP:   12/12         EV: 13    Int: 19    God:
Gold: 57            SH:  0    Dex: 11    Spells: 5/13 levels left

rFire    . . .     SeeInvis .   j - +2 dagger (speed)
rCold    . . .     Faith    .   (no shield)
rNeg     . . .     Spirit   .   b - +0 hat
rPois    .         Reflect  .   (no amulet)
rElec    .         Harm     .   (no ring)
rCorr    .         Rampage  .   (no ring)
Will     .....                  (no ring)
Stlth    ++++......             (no ring)
HPRegen  0.11/turn              (no ring)
MPRegen  0.13/turn              (no ring)
                                (no ring)
                                (no ring)

@: drained
A: almost no armour, stealthy swim, amphibious, 8 rings, constrict 8, camouflage
1, gelatinous body 1
a: no special abilities


You were on level 2 of the Dungeon.
You visited 1 branch of the dungeon, and saw 3 of its levels.

You collected 57 gold pieces.

Inventory:

Hand Weapons
 a - a +0 dagger
 j - a +2 dagger of speed (weapon)
Missiles
 d - 125 stones
Armour
 b - a +0 hat (worn)
Jewellery
 h - an uncursed ring of ice {unknown}
 o - an uncursed ring of poison resistance {unknown}
Scrolls
 c - 3 scrolls of remove curse {unknown}
 e - 3 scrolls of identify {unknown}
 f - a scroll of noise {unknown}
 g - a scroll of immolation {unknown}
 k - a scroll of teleportation {unknown}
 q - a scroll of fear {unknown}
Potions
 i - 2 potions of lignification
 l - a potion of curing {unknown}
 m - 2 potions of heal wounds {unknown}
 n - a potion of haste {unknown}
 p - a potion of might {unknown}


   Skills:
 - Level 2.0 Dodging
 + Level 5.4 Stealth
 + Level 4.3 Spellcasting
 + Level 3.3 Conjurations
 - Level 2.0 Summonings
 - Level 1.0 Translocations
 * Level 0.4 Air Magic


You had 5 spell levels left.
You knew the following spells:

 Your Spells              Type           Power        Failure   Level
a - Magic Dart            Conj           64%          3%          1
b - Call Imp              Summ           11%          9%          2
c - Slow                  Hex            4%           21%         2
d - Mephitic Cloud        Conj/Pois/Air  8%           24%         3

Your spell library contained the following spells:

 Spells                   Type           Power        Failure   Level
 Blink                    Tloc           N/A          13%         2
 Conjure Flame            Conj/Fire      10%          21%         3


Dungeon Overview and Level Annotations

Branches:
Dungeon (3/15)

Altars:
Ashenzari
Hepliaklqana
Kikubaaqudgha
Trog
Wu Jian

Annotations:
D:3 Purgy


Innate Abilities, Weirdness & Mutations

You cannot wear most types of armour.
You are very stealthy in the water. (Stealth+)
You are amphibious.
You can wear up to eight rings at the same time.
You can use your tentacles to constrict eight enemies at once.
Your skin changes colour to match your surroundings (Stealth+).
Your rubbery body absorbs attacks. (AC +1, EV +1)


Message History

The orc priest invokes the aid of Beogh against you.
Beogh smites you! The orc priest hits you with a +0 club.
You hit the orc priest but do no damage.
You grab the orc priest.
The orc priest is moderately wounded.
You constrict the orc priest.
The orc hits you with a +0 flail of draining.
You feel drained. The orc priest closely misses you.
You hit the orc priest.
You squeeze the orc priest, but do no damage.
The orc priest is heavily wounded.
You constrict the orc priest, but do no damage.
The orc priest looks satisfied for a moment.
You hit the orc priest but do no damage.
The orc priest is heavily wounded.
You constrict the orc priest. The orc barely misses you.
The orc priest hits you with a +0 whip.
The orc priest mumbles some strange prayers to Beogh against you.
Pain shoots through your body!
You die...

.####.#...#...#.#)..........#...#
.##.####.#..#...###.........#...#
.###...####.#.#.# #.........#...#
..###.....####.(# ##....###.#....
..# #......#.######...### #.###.#
..###...).....)..).<#.# #.#...(
....#..).....#....###.# ###.#....
.)#).))...[...#..o###.###........
.####...........@.#.......#.#....
#####..........o.o........#.#....
# #....###.#.#.>.........##.#÷...
#.#### #.#.##...#......##.#....
##.# #....................)..
##..### ###..#..................
......## #..................)...)
.......###........#.....#.÷..###.
........##..............#.....##.


You could see 2 orc priests and an orc.

Vanquished Creatures
  Sigmund (D:2)
  An orc wizard (D:3)
  Jessica (D:2)
  Robin (D:2)
  An adder (D:2)
  3 worms (D:2)
  3 giant cockroaches
  16 goblins
  13 hobgoblins
  4 jackals (D:1)
  2 ball pythons (D:2)
  5 bats
  3 frilled lizards
  4 kobolds (D:1)
  5 rats
63 creatures vanquished.

Notes
Turn   | Place    | Note
-------+----------+-------------------------------------------
     0 | D:1      | thiole the Octopode Hedge Wizard began the quest for the
                  | Orb.
     0 | D:1      | Reached XP level 1. HP: 11/11 MP: 4/4
   182 | D:1      | Reached skill level 3 in Stealth
   207 | D:1      | Reached XP level 2. HP: 17/17 MP: 3/6
  1245 | D:1      | Reached XP level 3. HP: 20/21 MP: 1/7
  1449 | D:2      | Noticed Jessica
  1498 | D:2      | Noticed Sigmund
  1517 | D:2      | Noticed Robin
  1786 | D:2      | Killed Robin
  1854 | D:2      | Reached XP level 4. HP: 11/27 MP: 1/9
  2369 | D:2      | Found an ancient bone altar of Kikubaaqudgha.
  2369 | D:2      | Found a bloodstained altar of Trog.
  2375 | D:2      | Found a broken altar of Ashenzari.
  2377 | D:2      | Found an ornate altar of the Wu Jian Council.
  2378 | D:2      | Found a hazy altar of Hepliaklqana.
  2412 | D:2      | Reached skill level 4 in Stealth
  2525 | D:2      | Killed Sigmund
  2526 | D:2      | Reached skill level 5 in Stealth
  2526 | D:2      | Reached XP level 5. HP: 9/31 MP: 0/11
  2756 | D:2      | Reached XP level 6. HP: 36/36 MP: 10/12
  2871 | D:2      | Killed Jessica
  3115 | D:3      | Noticed Purgy
  3125 | D:2      | Learned a level 2 spell: Call Imp
  3128 | D:2      | Learned a level 2 spell: Slow
  3132 | D:2      | Learned a level 3 spell: Mephitic Cloud
  3144 | D:2      | Killed from afar by an orc priest

Illustrated notes

Levels and vault maps discovered:
D:1:      dpeg_arrival_pond, layout_basic
D:2:      minmay_spotlight, layout_rooms, chequers_temple_overflow_minitemple,
          minmay_nonomino_d4, uniq_jessica, uniq_sigmund, uniq_robin
D:3:      layout_loops_cross, nicolae_gozag_seed_capital, elyvilon_altar_3,
          nemelex_spade_bored_becter, uniq_purgy

Skill      XL: |  1  2  3  4 |
---------------+-------------+-----
Stealth        | 3 5 |  5.4
Summonings     | 2 |  2.0
Conjurations   | 3 |  3.3
Spellcasting   | 4 |  4.3
Dodging        | |  2.0
Translocations | |  1.0
Air Magic      | |  0.4

Action                   |  1- 3 |  4- 6 || total
-------------------------+-------+-------++-------
Melee: Dagger            |    49 |    32 ||    81
       Constrict         |    14 |     7 ||    21
       Tentacles         |     9 |     7 ||    16
 Cast: Magic Dart        |    74 |    56 ||   130
  Use: Potion            |       |     1 ||     1
 Stab: Sleeping          |       |     1 ||     1
Armor: Skin              |     3 |    25 ||    28
Dodge: Dodged            |    33 |    15 ||    48
